Map: Dédale EC

Players

Denver - Winner!

  • Race: Zerg Zerg
  • Spawn Location: 7:00

Hjax

  • Race: Protoss Protoss
  • Spawn Location: 1:00

Event: WCS Montreal 2018

VOD

Have the link to the VOD?

Description

Time

  • Played on: Sept. 7, 2018, 12:27 p.m.
  • Length: 7:36

All games in this series

Show
View Real Time Build Order
Export as new Build Order

Denver Zerg - Winner!

Build Orders: Pool First 

Get SALT Encoding   

  12  0:00  Drone  
  13  0:12  Overlord  
  13  0:17  Drone  
  14  0:30  Drone x2  
  14  0:35  Drone  
  17  0:44  Spawning Pool  
  17  0:48  Drone  
  17  1:08  Hatchery  
  17  1:11  Drone  
  17  1:17  Extractor, Drone  
  17  1:30  Queen  
  17  1:31  Zergling x2  
  20  1:33  Drone  
  21  1:41  Overlord  
  21  1:49  Drone  
  22  2:01  Drone  
  22  2:06  Queen  
  25  2:10  Drone  
  26  2:19  Metabolic Boost  
  26  2:21  Drone  
  26  2:22  Drone  
  28  2:34  Hatchery  
  27  2:37  Drone  
  27  2:39  Drone  
  27  2:40  Drone  
  27  2:43  Drone  
  31  2:47  Drone  
  31  2:51  Overlord  
  32  2:56  Drone x2  
  34  3:01  Drone  
  35  3:07  Zergling x2  
  35  3:09  Queen  
  35  3:10  Zergling x2  
  39  3:14  Zergling x4  
  39  3:16  Zergling x2  
  42  3:20  Overlord  
  42  3:23  Drone  
  42  3:25  Zergling x2  
  44  3:36  Drone  
  44  3:40  Spore Crawler  
  42  3:43  Spore Crawler  
  42  3:45  Drone x5  
  46  3:53  Drone x2  
  48  3:59  Lair  
  48  4:01  Drone  
  49  4:03  Drone  
  49  4:06  Drone  
  49  4:09  Drone x2  
  52  4:14  Overlord  
  52  4:16  Spore Crawler  
  51  4:17  Drone  
  51  4:18  Drone  
  51  4:22  Overlord  
  53  4:26  Overlord  
  53  4:31  Overlord  
  53  4:33  Extractor  
  53  4:34  Extractor  
  53  4:35  Drone x4  
  54  4:39  Drone  
  54  4:40  Drone  
  54  4:44  Drone  
  54  4:45  Drone  
  55  4:47  Drone x3  
  55  4:49  Drone  
  55  4:52  Baneling Nest  
  58  4:55  Drone x3  
  61  5:00  Hydralisk Den  
  61  5:02  Overlord  
  61  5:04  Overseer  
  61  5:06  Drone x2  
  62  5:09  Zergling x4  
  63  5:14  Overlord  
  63  5:16  Zergling x6  
  63  5:20  Overlord  
  66  5:29  Hydralisk x4  
  66  5:32  Zergling x6  
  77  5:35  Muscular Augments  
  77  5:38  Extractor, Zergling x4  
  77  5:41  Drone x3  
  81  5:44  Hydralisk  
  81  5:46  Drone x2  
  81  5:47  Drone  
  81  5:49  Drone  
  87  5:50  Extractor  
  87  5:52  Hydralisk  
  87  5:56  Overlord  
  88  5:57  Hydralisk  
  88  6:03  Hydralisk x2  
  90  6:07  Hydralisk  
  93  6:12  Drone x2  
  93  6:16  Hydralisk x2  
  93  6:17  Overlord  
  99  6:20  Zergling x8  
  103  6:26  Hydralisk  
  103  6:29  Overlord  
  105  6:35  Zergling x2  
  105  6:39  Hydralisk x4  
  107  6:44  Hydralisk  
  107  6:45  Hydralisk  
  107  6:46  Zergling x2  
  107  6:47  Zergling x4  
  114  6:52  Baneling x5  
  114  6:53  Zergling x6  
  117  6:57  Zergling x6  
  120  7:02  Baneling x5  
  120  7:08  Zergling x6  
  119  7:16  Zergling x6  
  119  7:17  Overlord  
Show
View Real Time Build Order
Export as new Build Order

Hjax Protoss 

Build Orders: 1 Gate Expand, Oracle Opening, Phoenix Opening, Zealot Archon, Archon Drop 

Get SALT Encoding   

  12  0:00  Probe  
  13  0:13  Probe  
  14  0:19  Pylon  
  14  0:27  Probe  
  15  0:36  Probe  
  15  0:39  Gateway  
  16  0:44  Probe  
  16  0:49  Assimilator  
  17  0:54  Probe  
  18  1:06  Probe  
  19  1:18  Probe  
  20  1:25  Nexus  
  20  1:34  Cybernetics Core  
  20  1:36  Probe  
  21  1:44  Assimilator  
  21  1:48  Probe  
  21  1:51  Pylon  
  22  2:00  Probe  
  23  2:01  Adept  
  23  2:08  Probe  
  26  2:17  Probe  
  26  2:22  Adept  
  27  2:23  Stargate  
  29  2:33  Probe  
  30  2:38  Probe  
  30  2:41  Warp Gate  
  31  2:44  Adept  
  31  2:45  Probe  
  31  2:50  Probe  
  35  2:57  Probe  
  36  3:01  Oracle  
  36  3:02  Probe  
  36  3:04  Gateway  
  37  3:09  Probe  
  41  3:14  Probe  
  41  3:19  Shield Battery  
  42  3:21  Probe  
  42  3:25  Pylon  
  43  3:27  Probe  
  44  3:36  Phoenix  
  44  3:39  Probe  
  45  3:42  Probe  
  45  3:44  Assimilator  
  45  3:46  Assimilator  
  44  3:51  Probe  
  44  3:53  Oracle  
  44  3:55  Probe  
  46  3:57  Pylon  
  49  4:03  Probe  
  50  4:10  Probe  
  50  4:15  Robotics Facility  
  50  4:16  Probe  
  52  4:22  Probe  
  53  4:28  Probe, Twilight Council  
  53  4:29  Pylon  
  54  4:44  Adept x2  
  58  4:47  Probe  
  58  4:50  Gateway, Probe  
  58  4:51  Gateway  
  60  4:56  Warp Prism  
  60  4:59  Probe  
  61  5:05  Nexus  
  63  5:08  Adept  
  65  5:16  Templar Archives, Probe  
  66  5:21  Pylon  
  66  5:25  Pylon  
  66  5:29  Probe, Observer  
  66  5:32  Probe  
  69  5:41  Probe  
  69  5:42  Gateway  
  70  5:43  Gateway  
  70  5:54  High Templar x4  
  70  5:55  Probe  
  70  5:56  Probe  
  80  6:00  Archon x2  
  80  6:01  Psionic Storm  
  73  6:12  Immortal  
  73  6:15  Probe  
  74  6:21  Gateway  
  74  6:22  Gateway  
  74  6:23  Gateway  
  74  6:24  Gateway  
  78  6:31  Zealot x2  
  82  6:36  Zealot x2  
  86  6:40  Zealot  
  82  6:47  High Templar  
  82  6:48  Probe  
  82  6:51  Probe x2  
  82  6:53  Assimilator  
  87  6:55  Zealot  
  87  6:58  Assimilator  
  87  7:00  Shield Battery, Probe  
  87  7:01  Shield Battery  
  90  7:03  Probe x2  
  92  7:09  Zealot x3  
  92  7:20  Zealot x3  
  65  7:30  Zealot x3  
  65  7:32  Zealot x3  
Tags
 
Add a new tag
Caveats
  • Supply blocks, unpowered buildings, or Contaminate may cause inaccurate times.
  • Supply counts are checked every 10 seconds.